Map: [ESL] Stargazers

Players

Reynor

  • Race: Zerg Zerg
  • League: Master
  • Spawn Location: 11:00

maru - Winner!

  • Race: Terran Terran
  • League: Diamond
  • Spawn Location: 1:00

Event: TSL 9

VOD

Have the link to the VOD?

Description

Time

  • Played on: Sept. 3, 2022, 12:56 p.m.
  • Length: 21:21

All games in this series

Show
View Real Time Build Order
Export as new Build Order

Reynor Zerg 

Build Orders: Hatch First 

Get SALT Encoding   

  12  0:00  Drone  
  13  0:12  Overlord  
  13  0:17  Drone  
  14  0:30  Drone x2  
  16  0:47  Hatchery  
  15  0:51  Drone  
  15  0:55  Drone  
  17  0:57  Drone  
  18  1:09  Extractor  
  17  1:13  Spawning Pool  
  17  1:16  Drone  
  17  1:19  Drone  
  18  1:27  Drone  
  19  1:38  Drone  
  20  1:48  Overlord  
  20  1:59  Queen x2  
  20  2:00  Zergling x4  
  26  2:10  Drone x2  
  28  2:21  Drone x2  
  30  2:30  Hatchery  
  30  2:32  Drone x2  
  30  2:36  Pneumatized Carapace  
  31  2:43  Drone, Overlord  
  32  2:52  Drone  
  32  2:53  Drone  
  32  2:55  Queen  
  36  3:04  Drone  
  36  3:05  Drone  
  38  3:09  Drone x2, Overlord  
  40  3:14  Drone  
  40  3:19  Queen  
  43  3:20  Metabolic Boost  
  43  3:23  Drone  
  44  3:27  Drone  
  44  3:29  Overlord  
  45  3:36  Drone  
  45  3:39  Drone x2  
  48  3:41  Queen  
  48  3:44  Drone x3  
  48  3:46  Overlord  
  53  3:51  Queen  
  53  3:54  Drone  
  53  3:55  Drone  
  57  3:58  Overlord  
  57  4:03  Queen  
  58  4:10  Zergling x6  
  58  4:13  Drone x2  
  58  4:15  Drone  
  58  4:16  Drone  
  62  4:21  Drone x2  
  62  4:24  Drone x2  
  64  4:30  Overlord  
  64  4:31  Drone  
  66  4:36  Roach Warren  
  66  4:38  Drone  
  66  4:40  Overlord  
  66  4:48  Drone x2  
  66  4:49  Lair, Drone  
  66  4:50  Queen  
  66  4:51  Extractor  
  66  4:52  Drone, Extractor  
  70  4:55  Overlord  
  70  5:01  Queen  
  70  5:06  Drone  
  73  5:07  Drone x2  
  73  5:08  Drone  
  73  5:09  Overlord  
  73  5:13  Drone, Overlord  
  77  5:16  Spore Crawler  
  77  5:17  Roach  
  77  5:18  Roach  
  77  5:21  Roach  
  81  5:24  Spore Crawler x2  
  81  5:25  Queen  
  81  5:28  Spore Crawler  
  81  5:29  Roach x2  
  81  5:31  Roach  
  81  5:32  Drone  
  81  5:33  Drone  
  81  5:34  Drone  
  81  5:35  Drone  
  90  5:39  Drone x3  
  90  5:40  Drone  
  94  5:43  Overlord  
  94  5:44  Extractor  
  94  5:46  Drone x2  
  94  5:47  Drone  
  94  5:49  Drone  
  97  5:52  Overlord  
  97  5:53  Overlord  
  97  6:00  Drone, Spire  
  97  6:01  Drone  
  97  6:02  Drone  
  97  6:04  Overseer, Drone  
  100  6:06  Drone  
  100  6:07  Drone  
  100  6:08  Drone  
  103  6:11  Extractor  
  103  6:12  Spore Crawler, Extractor  
  103  6:13  Queen  
  103  6:16  Drone  
  103  6:17  Drone  
  103  6:18  Drone  
  105  6:19  Drone  
  105  6:20  Drone  
  105  6:24  Drone x3  
  110  6:27  Queen  
  112  6:33  Queen  
  112  6:35  Overlord  
  114  6:53  Hatchery  
  113  6:54  Evolution Chamber  
  112  7:05  Overlord  
  112  7:12  Corruptor  
  112  7:13  Corruptor x8  
  112  7:15  Overlord  
  128  7:16  Overlord  
  128  7:21  Zerg Flyer Weapons Level 1  
  128  7:29  Corruptor x2  
  130  7:31  Drone x5  
  130  7:36  Zerg Missile Weapons Level 1  
  135  7:39  Drone x4  
  135  7:43  Corruptor  
  141  7:45  Drone x4  
  141  7:47  Overlord  
  145  7:52  Corruptor  
  145  7:53  Corruptor  
  145  7:56  Overlord  
  149  8:03  Corruptor  
  151  8:07  Drone x3  
  151  8:11  Extractor  
  157  8:13  Roach x6  
  157  8:15  Glial Reconstitution  
  157  8:17  Overlord  
  157  8:19  Queen  
  167  8:25  Drone  
  161  8:35  Drone x8  
  161  8:38  Corruptor x2  
  163  8:42  Corruptor x2  
  163  8:47  Extractor  
  166  8:50  Overlord  
  166  8:53  Roach x5  
  176  8:57  Roach x3  
  176  8:58  Overlord  
  182  9:05  Ravager  
  182  9:06  Overlord  
  183  9:14  Corruptor x3  
  185  9:20  Roach x5  
  189  9:27  Ravager x2  
  189  9:28  Zergling x14  
  196  9:38  Ravager x3  
  196  9:51  Ravager x2  
  195  9:58  Corruptor x2  
  195  9:59  Infestation Pit  
  186  10:00  Hatchery  
  186  10:03  Spore Crawler, Spine Crawler  
  186  10:06  Ravager x2  
  185  10:12  Ravager  
  185  10:13  Ravager  
  182  10:21  Drone x2, Zerg Missile Weapons Level 2, Evolution Chamber  
  183  10:22  Baneling Nest  
  177  10:32  Hatchery  
  177  10:34  Roach x11  
  188  10:38  Ravager  
  186  10:50  Roach x7  
  194  10:58  Roach x3  
  198  11:04  Corruptor  
  187  11:17  Corruptor x5  
  182  11:21  Zergling x2  
  182  11:22  Zergling x34  
  182  11:28  Corruptor  
  182  11:29  Corruptor  
  182  11:31  Extractor  
  182  11:32  Ravager  
  186  11:33  Ravager  
  186  11:34  Zergling x20, Extractor  
  189  11:45  Ravager x2  
  189  11:46  Ravager  
  192  11:57  Corruptor x2  
  192  11:58  Corruptor  
  167  12:01  Corruptor  
  167  12:03  Zergling x14  
  167  12:04  Zergling x16  
  171  12:09  Roach x7  
  182  12:18  Corruptor x2  
  182  12:22  Roach x3  
  185  12:27  Queen  
  185  12:28  Drone  
  187  12:36  Ravager x4  
  187  12:43  Roach x6  
  197  12:55  Ravager x3  
  197  12:56  Ravager x2  
  188  13:06  Corruptor x3  
  188  13:08  Zergling x2, Roach x2  
  197  13:15  Hive  
  197  13:16  Corruptor  
  197  13:18  Zergling x36  
  196  13:26  Corruptor  
  198  13:33  Corruptor x2  
  188  13:40  Roach x4  
  176  13:44  Drone  
  176  13:45  Drone x2  
  176  13:46  Drone x2  
  176  13:49  Ravager x2  
  176  13:51  Drone x2  
  171  14:00  Drone x5  
  170  14:04  Zerg Flyer Weapons Level 2  
  170  14:09  Drone x4  
  174  14:20  Drone  
  174  14:23  Infestor  
  177  14:24  Infestor  
  177  14:29  Hatchery  
  177  14:31  Roach x3  
  176  14:36  Zergling x2, Roach x3  
  182  14:41  Drone x5  
  187  14:50  Ravager x2  
  187  14:51  Roach, Ravager x5  
  187  14:52  Roach x2  
  199  14:55  Roach x2  
  199  14:56  Roach  
  188  15:03  Roach x5  
  183  15:12  Ravager x2  
  183  15:13  Ravager x2  
  174  15:18  Corruptor x3  
  163  15:25  Corruptor x2  
  163  15:29  Ravager x2  
  160  15:41  Roach x8  
  158  15:48  Roach x2  
  158  15:49  Roach x2  
  164  15:52  Ravager  
  165  16:02  Infestor  
  167  16:06  Infestor  
  167  16:10  Drone x2  
  171  16:13  Zergling x16  
  175  16:18  Hatchery  
  175  16:19  Infestor  
  175  16:25  Ravager x2  
  178  16:28  Roach x5  
  178  16:29  Overlord  
  188  16:33  Drone  
  188  16:35  Extractor  
  188  16:36  Corruptor, Extractor  
  188  16:38  Overlord  
  187  16:49  Corruptor x3  
  193  16:55  Ravager  
  194  17:03  Hatchery  
  193  17:10  Ravager x4  
  193  17:11  Zergling x6  
  193  17:15  Overseer x2  
  187  17:26  Roach x6  
  199  17:35  Ravager  
  200  17:42  Corruptor x3  
  200  17:47  Extractor  
  200  17:48  Extractor  
  200  17:50  Zerg Ground Armor Level 1  
  192  18:02  Zergling x26  
  200  18:12  Roach x14  
  195  18:17  Roach x4  
  176  18:20  Roach x2  
  176  18:21  Roach  
  176  18:24  Zergling x2, Roach  
  155  18:29  Roach x2  
  152  18:37  Ravager x2  
  152  18:39  Roach x2  
  152  18:40  Zergling x6  
  156  18:51  Greater Spire  
  156  18:53  Drone x2  
  157  18:59  Drone x5  
  157  19:01  Extractor  
  157  19:02  Extractor  
  156  19:16  Infestor x2  
  153  19:22  Drone x3  
  152  19:28  Zergling x2  
  149  19:35  Hatchery  
  148  19:42  Roach x8  
  148  19:43  Roach  
  154  19:51  Infestor x2  
  155  20:02  Ravager x4  
  157  20:12  Zergling x22  
  154  20:22  Corruptor x2  
  145  20:40  Zergling x2, Roach  
  145  20:41  Zergling x6  
  150  20:52  Zergling x6  
  153  20:58  Hatchery  
Show
View Real Time Build Order
Export as new Build Order

maru Terran - Winner!

Build Orders: Command Center First (CC), Mech 

Get SALT Encoding   

  12  0:00  SCV  
  13  0:12  SCV  
  14  0:16  Supply Depot  
  14  0:24  SCV  
  15  0:38  SCV  
  16  0:50  SCV  
  17  0:58  Command Center  
  17  1:02  SCV  
  18  1:13  Barracks  
  18  1:14  SCV  
  19  1:21  Refinery  
  19  1:26  SCV  
  19  1:29  Refinery  
  20  1:39  SCV  
  21  1:51  SCV  
  22  2:00  Marine  
  23  2:03  Orbital Command  
  23  2:09  Factory  
  23  2:11  Orbital Command  
  23  2:19  Barracks Reactor  
  23  2:28  SCV  
  24  2:33  Refinery  
  24  2:38  SCV  
  24  2:40  SCV  
  26  2:51  SCV  
  26  2:52  SCV  
  26  2:53  Starport  
  30  2:58  Hellion  
  30  2:59  Hellion  
  30  3:03  Supply Depot, SCV  
  30  3:05  SCV  
  34  3:11  Marine  
  35  3:16  SCV  
  35  3:18  SCV  
  37  3:25  Hellion x2  
  37  3:26  Supply Depot  
  41  3:28  SCV  
  41  3:30  Viking  
  41  3:31  SCV  
  45  3:40  Fusion Core  
  45  3:43  SCV  
  45  3:48  SCV  
  47  3:52  Barracks Tech Lab  
  47  3:55  Supply Depot, SCV  
  48  4:00  SCV  
  48  4:02  Starport  
  49  4:07  SCV  
  50  4:12  SCV  
  45  4:19  SCV  
  45  4:24  SCV  
  45  4:25  Command Center  
  45  4:26  Hellion  
  45  4:27  Hellion  
  49  4:31  SCV  
  49  4:37  Supply Depot  
  49  4:38  Starport Tech Lab  
  50  4:40  SCV  
  50  4:43  Battlecruiser  
  58  4:45  SCV  
  58  4:53  SCV  
  65  5:00  Battlecruiser  
  65  5:01  SCV  
  66  5:08  Refinery  
  66  5:10  SCV  
  66  5:11  Supply Depot  
  67  5:18  SCV  
  68  5:22  SCV, Command Center  
  69  5:32  Factory  
  69  5:34  SCV, Factory  
  70  5:37  SCV  
  70  5:39  Hellion x2  
  75  5:43  Supply Depot x2  
  75  5:46  SCV  
  75  5:49  SCV, Weapon Refit  
  77  5:58  SCV, Orbital Command  
  78  6:08  SCV  
  78  6:10  SCV  
  78  6:11  Battlecruiser  
  86  6:16  Refinery  
  86  6:17  Refinery  
  86  6:20  SCV  
  86  6:21  Factory Tech Lab x2  
  86  6:24  SCV  
  88  6:30  Battlecruiser  
  88  6:32  SCV  
  95  6:36  Supply Depot  
  95  6:38  SCV  
  96  6:40  Orbital Command  
  96  6:44  Siege Tank  
  96  6:46  SCV  
  100  6:49  SCV  
  100  6:50  SCV  
  102  6:55  Orbital Command  
  102  6:57  Armory x2  
  102  6:58  SCV  
  103  7:01  Engineering Bay  
  103  7:02  SCV x2  
  103  7:07  Siege Tank  
  103  7:08  Hellion x2  
  112  7:10  SCV  
  112  7:14  SCV x2  
  115  7:22  SCV  
  116  7:23  SCV  
  116  7:26  SCV x2  
  116  7:27  Siege Tank  
  116  7:29  Hellion x2  
  124  7:32  Missile Turret  
  124  7:34  SCV  
  124  7:35  SCV  
  124  7:36  Missile Turret x2  
  126  7:39  Siege Tank  
  129  7:47  SCV x2  
  129  7:48  SCV  
  129  7:50  Missile Turret  
  132  7:51  Supply Depot x3, Missile Turret  
  132  7:52  Terran Vehicle Weapons Level 1  
  132  7:54  Terran Vehicle And Ship Armor Level 1  
  132  8:00  Refinery x2  
  132  8:10  Supply Depot  
  132  8:13  SCV x4, Siege Tank  
  132  8:18  Siege Tank  
  132  8:19  Hellion  
  144  8:23  Hellion  
  144  8:24  Factory x2  
  144  8:26  Supply Depot  
  146  8:29  Battlecruiser  
  152  8:40  Hellion  
  148  8:42  Battlecruiser  
  153  8:48  SCV  
  153  8:51  Command Center, Missile Turret  
  153  8:52  Hellion  
  156  8:58  Cyclone x2  
  159  9:05  Sensor Tower  
  159  9:09  Factory Tech Lab, Factory Reactor  
  147  9:27  Hellion x2  
  147  9:30  Siege Tank x2  
  155  9:35  Battlecruiser  
  161  9:39  Mag-Field Accelerator  
  161  9:41  Supply Depot x2, Command Center  
  161  9:44  Siege Tank  
  164  9:48  Missile Turret  
  164  9:59  Battlecruiser  
  170  10:02  Siege Tank  
  173  10:09  Terran Vehicle Weapons Level 2  
  173  10:15  Terran Vehicle And Ship Armor Level 2  
  173  10:20  Cyclone  
  176  10:23  Refinery  
  176  10:24  Refinery  
  174  10:30  Planetary Fortress  
  174  10:38  Cyclone x2  
  180  10:43  Barracks x3, Missile Turret x2  
  180  10:44  Missile Turret x2  
  175  10:53  Missile Turret  
  175  10:54  SCV  
  175  10:55  SCV x3  
  174  11:09  Cyclone  
  174  11:10  Cyclone x2  
  182  11:17  Battlecruiser  
  180  11:26  SCV x2  
  180  11:32  Ghost Academy, Barracks Tech Lab x2  
  182  11:33  Barracks Tech Lab x2  
  182  11:35  SCV  
  183  11:44  Planetary Fortress  
  183  11:45  Missile Turret x2  
  183  11:49  SCV  
  184  12:00  Hellion, Siege Tank x2  
  178  12:02  SCV x2  
  178  12:16  Ghost x4  
  178  12:21  Siege Tank  
  185  12:25  Terran Ship Weapons Level 1  
  185  12:27  Missile Turret  
  185  12:28  Missile Turret  
  185  12:39  Personal Cloaking  
  185  12:41  Terran Infantry Armor Level 1  
  185  12:44  Ghost  
  185  12:46  Ghost x2  
  191  12:52  Command Center  
  191  12:56  Command Center  
  191  13:02  Sensor Tower, Ghost  
  187  13:05  Siege Tank  
  187  13:06  Hellion, Infernal Pre-Igniter  
  187  13:07  Hellion x2  
  190  13:13  Ghost  
  190  13:15  Medivac  
  190  13:16  Medivac  
  190  13:19  Hellion  
  194  13:20  Hellion  
  194  13:29  Terran Vehicle And Ship Armor Level 3  
  188  13:36  Sensor Tower  
  188  13:45  Medivac  
  190  14:00  Thor x2  
  199  14:06  Orbital Command  
  199  14:12  Enhanced Shockwaves  
  199  14:15  Engineering Bay  
  199  14:18  Smart Servos  
  199  14:19  Terran Vehicle Weapons Level 3, Orbital Command  
  199  14:24  Sensor Tower  
  199  14:34  Raven x2  
  199  14:37  Terran Infantry Weapons Level 1  
  198  14:45  Terran Infantry Armor Level 2  
  198  14:50  Command Center  
  198  14:51  Command Center  
  196  15:03  Thor x2  
  195  15:19  Hellion x2, Siege Tank  
  195  15:20  Hellion  
  192  15:30  Ghost  
  192  15:40  Starport Tech Lab  
  178  15:46  Siege Tank  
  178  15:48  Battlecruiser  
  187  16:05  Battlecruiser  
  187  16:07  Ghost x3  
  199  16:11  Terran Ship Weapons Level 2  
  199  16:18  Command Center  
  198  16:22  Orbital Command, Hellbat x2  
  200  16:25  Command Center  
  200  16:46  Terran Infantry Weapons Level 2  
  200  16:47  Refinery  
  200  16:48  Refinery  
  197  17:27  Ghost  
  199  17:35  Neosteel Armor, Planetary Fortress  
  199  17:55  Factory x2  
  199  17:57  Factory  
  199  18:02  Battlecruiser x2  
  187  18:07  Ghost x2  
  171  18:23  Thor x3  
  171  18:24  Hellbat x4  
  185  18:33  Ghost  
  185  18:34  Ghost  
  173  18:35  Missile Turret  
  173  18:37  Missile Turret  
  173  18:38  Missile Turret x3  
  173  18:39  Missile Turret  
  169  18:53  Factory Tech Lab  
  169  18:54  Factory Tech Lab  
  163  18:56  Ghost  
  163  18:57  Ghost  
  163  19:00  Orbital Command  
  163  19:02  Command Center, Hi-Sec Auto Tracking  
  167  19:06  Thor, Medivac x2  
  167  19:09  Factory Tech Lab  
  163  19:21  Hellbat x3  
  163  19:24  Command Center  
  169  19:36  Battlecruiser, Medivac  
  177  19:44  Ghost x4  
  185  19:48  Hellbat x4  
  193  20:06  Medivac  
  188  20:20  Missile Turret x2  
  188  20:21  Missile Turret  
  184  20:24  Missile Turret  
  184  20:28  Ghost x4  
  182  20:33  Command Center  
  190  20:45  Hellbat x2  
Tags
 
Add a new tag
Caveats
  • Supply blocks, unpowered buildings, or Contaminate may cause inaccurate times.
  • Supply counts are checked every 10 seconds.